 Dungeon Crawl Stone Soup version 0.31.0-12-g77e489cdc1 (webtiles) character file.

Game seed: 2882973512706154219

21052 lonewolfV2 the Covert (level 13, -30/106 HPs)
             Began as a Formicid Fighter on Feb 12, 2024.
             Was the Champion of Jiyva.
             Shot with a bolt by a yaktaur (31 damage)
             ... on level 14 of the Dungeon.
             The game lasted 00:21:52 (10929 turns).

lonewolfV2 the Covert (Formicid Fighter)           Turns: 10929, Time: 00:21:53

Health: -30/106    AC:  8    Str: 23    XL:     13   Next: 17%
Magic:  0/13       EV: 10    Int:  9    God:    Jiyva [******]
Gold:   492        SH:  7    Dex: 15    Spells: 12/12 levels left

rFire   . . .        o - +1 war axe (heavy)
rCold   + + +        c - +1 buckler
rNeg    + . .        r - +0 plate armour
rPois   .            (helmet unavailable)
rElec   +            (no cloak)
rCorr   +            (no gloves)
SInv    +            (no boots)
Will    +....        j - amulet of guardian spirit Stlth
                     l - ring of positive energy
HPRegen 1.97/turn    (no ring)
MPRegen 0.93/turn

%: clarity, guardian spirit
@: no status effects
A: permanent stasis, dig shafts and tunnels, antennae 3, four strong arms, fangs
1, clarity, cold resistance 3, mutation resistance 2, electricity resistance,
pseudopods 1, MP-powered wands
a: Dig, Shaft Self, Renounce Religion, Oozemancy, Slimify


You were on level 14 of the Dungeon.
You worshipped Jiyva.
Jiyva was exalted by your worship.
You visited 1 branch of the dungeon, and saw 14 of its levels.

You collected 492 gold pieces.

Inventory:

Hand Weapons
 a - a +1 war axe
 o - a +1 heavy war axe (weapon)
 t - the +5 whip of Nivy {elec, rF+ Will+ Int+4}
   (You found it on level 8 of the Dungeon)

   Int+4:     It affects your intelligence (+4).
   rF+:       It protects you from fire.
   Will+:     It increases your willpower.
Missiles
 b - a throwing net
Armour
 c - a +1 buckler (worn)
 r - a +0 plate armour (worn)
Jewellery
 i - a ring of magical power
 j - an amulet of guardian spirit (around neck)
 l - a ring of positive energy (left hand)
Wands
 e - a wand of iceblast (5)
 g - a wand of mindburst (12)
 k - a wand of polymorph (13)
 w - a wand of flame (4)
Scrolls
 m - a scroll of amnesia
 p - 2 scrolls of immolation
 u - a scroll of butterflies {unknown}
Potions
 d - 2 potions of might
 f - 4 potions of curing
 h - 2 potions of haste
 n - a potion of mutation {unknown}
 q - 2 potions of resistance
 s - a potion of degeneration {unknown}
 v - a potion of magic {unknown}


   Skills:
 + Level 11.0 Fighting
 - Level 10.5 Axes
 - Level 8.6 Armour
 - Level 9.0 Dodging
 * Level 11.4 Stealth
 - Level 8.0 Shields


You had 12 spell levels left.
You didn't know any spells.
Your spell library contained the following spells:

 Spells                   Type           Power      Damage    Failure   Level
 Kiss of Death            Conj/Necr      0%         2d5       100%        1
 Magic Dart               Conj           0%         1d3       100%        1
 Necrotise                Necr           0%         1d4       100%        1
 Sandblast                Erth           0%         2d4       100%        1
 Searing Ray              Conj           0%         2d4       100%        2
 Static Discharge         Conj/Air       0%         3-3/arc   100%        2
 Call Canine Familiar     Summ           0%         N/A       100%        3
 Passwall                 Erth           0%         N/A       100%        3
 Sigil of Binding         Hex            0%         N/A       100%        3
 Stone Arrow              Conj/Erth      0%         3d7       100%        3
 Airstrike                Air            0%         2d(0-16)  100%        4
 Brom's Barrelling Bould  Conj/Erth      0%         2d3       100%        4
 Dimensional Bullseye     Hex/Tloc       0%         N/A       100%        4
 Fulminant Prism          Conj/Alch      0%         3d5       100%        4
 Summon Lightning Spire   Summ/Air       0%         N/A       100%        4
 Malign Gateway           Summ/Tloc      0%         N/A       100%        7
 Summon Horrible Things   Summ           0%         N/A       100%        8


Dungeon Overview and Level Annotations

Branches:
Dungeon (14/15)            Temple (0/1) D:4            Lair (0/5) D:10
    Orc (0/2) D:12         Vaults (0/5) D:14

Altars:
Ashenzari
Cheibriados
Dithmenos
Gozag
Hepliaklqana
Kikubaaqudgha
Nemelex Xobeh
Okawaru
Ru
Sif Muna
Trog
Xom
Yredelemnul
Jiyva

Shops:
D:2 =   D:12 [

Annotations:
D:3 1 runed translucent door
D:6 3 runed translucent doors, Minsecho's ghost, novice OnGl
D:11 3 runed translucent doors, KKCryptic's ghost, journeyman DsSh


Innate Abilities, Weirdness & Mutations

You cannot be hasted, slowed, berserked, paralysed or teleported.
You can dig through walls and to a lower floor.
You have a pair of large antennae on your head. (SInv)
Your four strong arms can wield two-handed weapons with a shield.
You have very sharp teeth.
You possess an exceptional clarity of mind.
Your flesh is almost immune to the effects of cold. (rC+++)
You are somewhat resistant to both further mutation and mutation removal.
You are resistant to electric shocks. (rElec)
Armour fits poorly on your pseudopods.
You expend magic power (3 MP) to strengthen your wands.


Message History

You slash the centaur!
You kill the centaur!
Found a stone staircase leading down.
Things that are here:
a +0 orcbow; a centaur corpse HP restored.
Things that are here:
a +2 heavy shortbow; a +1 shortbow of freezing; a +0 shortbow
v - a grey potion
Found a scale mail.
You open the door.
There is an open door here.
w - a wand of flame (4)
You open the door.
You sense a monster nearby.
A centaur warrior opens the door.
There is an open door here.
The centaur warrior moves out of view.
A yaktaur comes into view.
The yaktaur shouts!
You hear a shout!
The yaktaur wields a +0 arbalest.
The yaktaur shoots a bolt.
The bolt hits you.
Found a gate to the Vaults.
A yaktaur and a yaktaur captain come into view.
Found 12 gold pieces.
The yaktaur shouts!
The yaktaur captain shouts!
The yaktaur captain wields a +0 arbalest.
The yaktaur captain shoots a bolt.
The bolt hits you!!
The yaktaur shoots a bolt.
The bolt hits you.
The centaur warrior wields a +0 orcbow.
The centaur warrior shoots an arrow.
The arrow hits you!
The yaktaur wields a +0 arbalest.
The yaktaur shoots a bolt.
The bolt hits you!!
The yaktaur shoots a bolt.
The bolt barely misses you.
The yaktaur captain shoots a bolt.
The bolt hits you!!!
* * * LOW HITPOINT WARNING * * *
You shudder from the blast and a jelly pops out!
The centaur warrior shoots an arrow.
The arrow barely misses you.
The yaktaur captain shoots a bolt.
The bolt hits you!
* * * LOW HITPOINT WARNING * * *
The yaktaur shoots a bolt.
The bolt hits you!!
You die...

[ #.......#......
$....#.......#...... .
....#.......#......
.c####...#.......#...###
.........#.......#...#
#.#......#.......#).##
.........#.......#))#
###......'.......#..#
#∩.c...@.###+#'###..##
#...c..#J.............
....c..#..............
.......#...............
...#####..............>.
.. ...............### .
##..............#
###.########.?.# #.#
...#


You could see a yaktaur captain (ally target), a centaur warrior, 2 yaktaurs and
a friendly rockslime (summoned).

Vanquished Creatures
  A two-headed ogre (D:11)
  2 centaur warriors
  3 death yaks
  Nergalle (D:12)
  A skeletal warrior (D:13)
  A manticore (D:11)
  An elephant (D:10)
  A gargoyle (D:13)
  3 unseen horrors
  A komodo dragon (D:13)
  Prince Ribbit (D:9)
  4 trolls
  A hornet (D:9)
  A wyvern (D:9)
  4 wraiths
  A shadow (D:13)
  A vampire (D:9)
  2 steam dragons
  24 yaks
  3 vampire mosquitoes (D:13)
  An acid dragon (D:9)
  A water moccasin (D:5)
  An ice beast (D:8)
  8 orc warriors
  A sky beast (D:6)
  A black bear (D:5)
  3 ogres (D:5)
  6 centaurs
  A phantom (D:4)
  5 kobold brigands
  A bullfrog (D:6)
  3 scorpions
  An electric eel (D:10)
  4 howler monkeys
  A bombardier beetle (D:5)
  6 orc priests
  5 hounds
  4 iguanas
  8 orc wizards
  3 adders
  2 shadow imps
  A white imp (D:6)
  3 ufetubi (D:6)
  2 ribbon worms (D:5)
  3 dart slugs
  39 orcs
  2 giant cockroaches
  4 hobgoblins
  18 kobolds
  3 quokkas
  4 ball pythons
  A bat (D:3)
  2 frilled lizards
  9 goblins
  3 rats
217 creatures vanquished.

Vanquished Creatures (collateral kills)
  A hydra (D:14)
  A centaur warrior (D:14)
  A boulder beetle (D:14)
  2 skeletal warriors (D:13)
  A death drake (D:10)
  A gargoyle (D:11)
  A yak (D:13)
  A vampire (D:10)
  A steam dragon (D:6)
  5 centaurs
15 creatures vanquished.

Vanquished Creatures (others)
  A vampire (D:10)
  A basilisk (D:10)
  A black bear (D:10)
  An electric eel (D:13)
  36 jellies
  An iguana (D:7)
  5 orc wizards
  Robin (D:2)
  An adder (D:5)
  An ufetubus (D:6)
  A dart slug (D:2)
  A ribbon worm (D:3)
  9 orcs
  An endoplasm (D:3)
  A giant cockroach (D:2)
  8 goblins
  6 hobgoblins
  2 jackals (D:2)
  7 kobolds
  2 frilled lizards
87 creatures vanquished.

Grand Total: 319 creatures vanquished

Notes
Turn   | Place    | Note
-------+----------+-------------------------------------------
     0 | D:1      | lonewolfV2 the Formicid Fighter began the quest for the
                  | Orb.
     0 | D:1      | Reached XP level 1. HP: 18/18 MP: 1/1
   163 | D:1      | Found a faded altar of an unknown god.
   167 | D:1      | Reached XP level 2. HP: 8/24 MP: 2/2
   236 | D:1      | Prayed at the altar of an unknown god.
   236 | D:1      | Became a worshipper of Jiyva Jafuilan the Shapeless
   236 | D:1      | Reached * piety under Jiyva
   885 | D:2      | Found Fen Cia's Jewellery Shoppe.
   890 | D:2      | Reached ** piety under Jiyva
   932 | D:2      | Reached XP level 3. HP: 28/30 MP: 3/3
  1108 | D:2      | Killed Robin
  1629 | D:3      | Reached *** piety under Jiyva
  1733 | D:3      | Reached XP level 4. HP: 38/38 MP: 4/4
  1734 | D:3      | Gained mutation: You expend magic power (3 MP) to
                  | strengthen your wands. [Jiyva's grace]
  1734 | D:3      | Gained mutation: You are covered in slimy tendrils that may
                  | disarm your opponents. [Jiyva's grace]
  1734 | D:3      | Gained mutation: You have very sharp teeth. [Jiyva's grace]
  1734 | D:3      | Gained mutation: You have extremely sharp teeth. [Jiyva's
                  | grace]
  2063 | D:3      | Found an iron altar of Okawaru.
  2063 | D:3      | Found a runed translucent door.
  2066 | D:3      | Noticed a centaur
  2066 | D:3      | Noticed a centaur
  2067 | D:3      | Noticed a centaur
  2068 | D:3      | Found the +0 toga "Victory" {*Victory Clar}
  2221 | D:3      | Found a sparkling altar of Nemelex Xobeh.
  2399 | D:4      | Reached XP level 5. HP: 30/43 MP: 5/5
  2548 | D:4      | Reached skill level 5 in Fighting
  2548 | D:4      | Reached skill level 5 in Armour
  2579 | D:4      | Reached XP level 6. HP: 48/51 MP: 6/6
  2593 | D:4      | Found a staircase to the Ecumenical Temple.
  2696 | D:4      | Reached **** piety under Jiyva
  2755 | D:4      | Found a shadowy altar of Dithmenos.
  2955 | D:5      | Entered Level 5 of the Dungeon
  2961 | D:5      | Noticed an ogre
  2974 | D:5      | Killed an ogre
  3041 | D:5      | Reached XP level 7. HP: 58/58 MP: 7/7
  3328 | D:5      | Noticed a water moccasin
  3352 | D:5      | Killed a water moccasin
  3353 | D:5      | Reached XP level 8. HP: 28/67 MP: 8/8
  4111 | D:6      | Reached ***** piety under Jiyva
  4339 | D:6      | Found a runed translucent gate.
  4339 | D:6      | Found a runed translucent gate.
  4340 | D:6      | Found a runed translucent gate.
  4341 | D:6      | Found an opulent altar of Gozag.
  4346 | D:6      | Noticed a troll
  4346 | D:6      | Noticed a troll
  4346 | D:6      | Noticed Minsecho's ghost (novice OnGl)
  4433 | D:6      | Gained mutation: You are somewhat resistant to further
                  | mutation. [Jiyva's grace]
  4433 | D:6      | Gained mutation: You are somewhat resistant to both further
                  | mutation and mutation removal. [Jiyva's grace]
  4433 | D:6      | Gained mutation: You are almost entirely resistant to
                  | further mutation and mutation removal. [Jiyva's grace]
  4433 | D:6      | Gained mutation: Your flesh is heat resistant. (rF+)
                  | [Jiyva's grace]
  4476 | D:6      | Reached XP level 9. HP: 75/75 MP: 9/9
  4685 | D:7      | Reached skill level 5 in Shields
  4808 | D:7      | Found a snail-covered altar of Cheibriados.
  5002 | D:7      | Found a shimmering blue altar of Sif Muna.
  5026 | D:7      | Found a bloodstained altar of Trog.
  5044 | D:7      | Got Sif Muna's Volume of the Mortuary
  5126 | D:7      | Found an opulent altar of Gozag.
  5341 | D:8      | Reached skill level 5 in Axes
  5404 | D:8      | Found a broken altar of Ashenzari.
  5430 | D:8      | Identified the +5 whip of Nivy {elec, rF+ Will+ Int+4}
  5483 | D:8      | Reached ****** piety under Jiyva
  6208 | D:9      | Reached XP level 10. HP: 82/82 MP: 10/10
  6454 | D:9      | Reached skill level 1 in Dodging
  6466 | D:9      | Noticed Prince Ribbit
  6475 | D:9      | Killed Prince Ribbit
  6479 | D:9      | Found a shimmering altar of Xom.
  6549 | D:9      | Lost mutation: You have extremely sharp teeth. [Jiyva's
                  | grace]
  6549 | D:9      | Lost mutation: Your flesh is heat resistant. (rF+) [Jiyva's
                  | grace]
  6549 | D:9      | Gained mutation: You are resistant to electric shocks.
                  | (rElec) [Jiyva's grace]
  6549 | D:9      | Gained mutation: You possess an exceptional clarity of
                  | mind. [Jiyva's grace]
  6549 | D:9      | Gained mutation: Armour fits poorly on your pseudopods.
                  | [Jiyva's grace]
  6549 | D:9      | Gained mutation: Armour fits poorly on your large
                  | pseudopods. [Jiyva's grace]
  6900 | D:10     | Entered Level 10 of the Dungeon
  6900 | D:10     | Found an ancient bone altar of Kikubaaqudgha.
  7022 | D:10     | Noticed a two-headed ogre
  7025 | D:10     | a two-headed ogre changed into a rime drake
  7025 | D:10     | Noticed a rime drake
  7032 | D:10     | a rime drake changed into a death drake
  7032 | D:10     | Noticed a death drake
  7032 | D:10     | Killed a death drake
  7033 | D:10     | Reached skill level 5 in Dodging
  7099 | D:10     | Noticed an unseen horror
  7116 | D:10     | Killed an unseen horror
  7117 | D:10     | Reached XP level 11. HP: 87/87 MP: 11/11
  7240 | D:10     | Noticed an elephant
  7249 | D:10     | Killed an elephant
  7339 | D:10     | Found a hazy altar of Hepliaklqana.
  7403 | D:10     | Found a staircase to the Lair.
  7442 | D:10     | Noticed a death yak
  7459 | D:10     | Killed a death yak
  7645 | D:11     | Reached skill level 10 in Axes
  7696 | D:11     | Noticed KKCryptic's ghost (journeyman DsSh)
  7727 | D:11     | Found a runed translucent gate.
  7727 | D:11     | Found a runed translucent gate.
  7727 | D:11     | Found a runed translucent gate.
  7771 | D:11     | Noticed a manticore
  7775 | D:11     | Killed a manticore
  7921 | D:11     | Noticed a two-headed ogre
  7931 | D:11     | Killed a two-headed ogre
  8203 | D:11     | Lost mutation: You are almost entirely resistant to further
                  | mutation and mutation removal. [Jiyva's grace]
  8203 | D:11     | Lost mutation: You are somewhat resistant to both further
                  | mutation and mutation removal. [Jiyva's grace]
  8203 | D:11     | Lost mutation: Armour fits poorly on your large pseudopods.
                  | [Jiyva's grace]
  8203 | D:11     | Lost mutation: You are covered in slimy tendrils that may
                  | disarm your opponents. [Jiyva's grace]
  8203 | D:11     | Gained mutation: Your flesh is cold resistant. (rC+)
                  | [Jiyva's grace]
  8203 | D:11     | Gained mutation: Your flesh is very cold resistant. (rC++)
                  | [Jiyva's grace]
  8203 | D:11     | Gained mutation: Your flesh is almost immune to the effects
                  | of cold. (rC+++) [Jiyva's grace]
  8203 | D:11     | Gained mutation: You are somewhat resistant to both further
                  | mutation and mutation removal. [Jiyva's grace]
  8466 | D:12     | Found a sacrificial altar of Ru.
  8466 | D:12     | Noticed Nergalle
  8476 | D:12     | Killed Nergalle
  8477 | D:12     | Reached XP level 12. HP: 91/94 MP: 12/12
  8507 | D:12     | Reached skill level 1 in Stealth
  8571 | D:12     | Identified the staff of Untruth {rN+ Int-2 Dex+4 Summ
                  | Necro}
  8606 | D:12     | Found a staircase to the Orcish Mines.
  8616 | D:12     | Found Jesi's Armour Shoppe.
  9212 | D:13     | Found a basalt altar of Yredelemnul.
  9391 | D:13     | Noticed a centaur warrior
  9400 | D:13     | Killed a centaur warrior
  9401 | D:13     | Reached skill level 5 in Stealth
  9453 | D:13     | Noticed a skeletal warrior
  9466 | D:13     | Killed a skeletal warrior
  9489 | D:13     | Noticed a skeletal warrior
  9492 | D:13     | Noticed a skeletal warrior
  9493 | D:13     | Noticed a death yak
  9507 | D:13     | Killed a skeletal warrior
  9511 | D:13     | Killed a death yak
  9660 | D:13     | Noticed a death yak
  9671 | D:13     | Killed a death yak
  9672 | D:13     | Reached skill level 10 in Fighting
 10006 | D:13     | Killed a skeletal warrior
 10694 | D:14     | Noticed a four-headed hydra
 10694 | D:14     | Noticed a boulder beetle
 10701 | D:14     | Killed a boulder beetle
 10702 | D:14     | Reached skill level 10 in Stealth
 10702 | D:14     | Noticed a centaur warrior
 10702 | D:14     | Killed a four-headed hydra
 10703 | D:14     | Reached XP level 13. HP: 49/104 MP: 8/13
 10709 | D:14     | Killed a centaur warrior
 10863 | D:14     | Noticed a centaur warrior
 10869 | D:14     | Killed a centaur warrior
 10920 | D:14     | Noticed a centaur warrior
 10926 | D:14     | Found a gate to the Vaults.
 10927 | D:14     | Noticed a yaktaur captain
 10928 | D:14     | HP: 5/106 [yaktaur captain/bolt (44)]
 10929 | D:14     | HP: 1/106 [yaktaur captain/bolt (6)]
 10929 | D:14     | Shot with a bolt by a yaktaur

Illustrated notes

Levels and vault maps discovered:
D:1:      amcnicky_arrival_blooded_trapdoor, layout_basic,
          shapermc_ecumenical_altar_mp_ritualfount, columned_hall_lemuel,
          grunt_decor_fettered
D:2:      layout_loops_ring, serial_shops, nicolae_shop_gaudy_bauble, uniq_robin
D:3:      layout_loops_ring, mainiacjoe_overflow_alcove_1,
          nicolae_overflow_guarded_unrand_okawaru_victory,
          hangedman_decor_slide_cut, guppyfry_early_lair_pool
D:4:      layout_rooms, mainiacjoe_overflow_tiny_flanked,
          minmay_temple_entry_large_hall
D:5:      layout_loops_ring, lightli_ossuary_entry_decrepit_ruins,
          serial_aquarium, aquarium_bridge_square [aquarium_subvault_balcony,
          aquarium_subvault_bridge, aquarium_subvault_bridge,
          aquarium_subvault_wall], aquarium_bridge_square
          [aquarium_subvault_bridge, aquarium_subvault_balcony,
          aquarium_subvault_bridge, aquarium_subvault_balcony],
          aquarium_window_1, aquarium_window_3, aquarium_view_2e,
          aquarium_view_2d, aquarium_pool_2
D:6:      layout_gridville, ebering_ghost_gozag, minmay_fountain_box
D:7:      layout_basic, nzn_overflow_gifts_of_might_and_magic,
          nicolae_gozag_seed_capital, kennysheep_slug_shrine
D:8:      layout_gridville, nicolae_ashenzari_panopticon
D:9:      layout_loops_corners, old_standard_altar, kennysheep_generic_room_6,
          uniq_prince_ribbit1
D:10:     cheibrodos_helix_gallery, layout_rooms,
          nicolae_hepliaklqana_hazy_memory, mainiacjoe_overflow_cross_hatched,
          david_lair_generic, grunt_ministairs_15
D:11:     layout_gridville, gammafunk_ghost_icy
D:12:     layout_loops_ring, orc_david_3, nicolae_ru_great_annihilating_truth,
          uniq_nergalle
D:13:     argonaut_augean_stables, layout_layer_cave, yredelemnul_altar_generic
D:14:     layout_irregular_city, david_vaults_2, minmay_splitting_lines

Skill      XL: |  1  2  3  4  5  6  7  8  9 10 11 12 13 |
---------------+----------------------------------------+-----
Fighting       | 4 5 6 7 8 10 11 | 11.0
Armour         | 4 5 6 7 8 |  8.6
Axes           | 7 8 10 | 10.5
Shields        | 7 8 |  8.0
Dodging        | 5 9 |  9.0
Stealth        | 10 11 | 11.4

Action                     |  1- 3 |  4- 6 |  7- 9 | 10-12 | 13-15 || total
---------------------------+-------+-------+-------+-------+-------++-------
  Melee: War axe           |    67 |    71 |   247 |   308 |    10 ||   703
         Bite              |       |     7 |    22 |    42 |       ||    71
         Pseudopods        |       |       |       |    85 |     3 ||    88
         Whip              |       |       |       |     4 |       ||     4
 Invoke: Oozemancy         |       |       |       |     1 |       ||     1
Ability: Dig               |       |       |     1 |     1 |       ||     2
         Shaft Self        |       |       |       |       |     1 ||     1
  Evoke: Wand              |       |       |       |     8 |       ||     8
    Use: Scroll            |     6 |     3 |     6 |     2 |       ||    17
         Potion            |       |       |     1 |     4 |       ||     5
 Armour: Scale mail        |    42 |    53 |   190 |       |       ||   285
         Plate armour      |       |       |   135 |   365 |    55 ||   555
  Dodge: Dodged            |    32 |    35 |   159 |   151 |    20 ||   397
  Block: Buckler           |    14 |    24 |   114 |   182 |    20 ||   354
